 Dungeon Crawl Stone Soup version 0.30-a0-125-g51eefa89be (webtiles) character file.

Game seed: 6022931725654409264

38 Redcow54321 the Poker (level 3, -2/28 HPs)
             Began as a Merfolk Gladiator on Sept 18, 2022.
             Slain by Terence
             ... wielding a +0 flail
              (4 damage)
             ... on level 2 of the Dungeon.
             The game lasted 00:02:52 (1056 turns).

Redcow54321 the Poker (Merfolk Gladiator)           Turns: 1056, Time: 00:02:53

Health: -2/28      AC:  5    Str: 16    XL:     3   Next: 43%
Magic:  3/3        EV: 13    Int:  7    God:
Gold:   63         SH:  0    Dex: 15    Spells: 2/2 levels left

rFire   . . .      SeeInvis .    a - +0 trident
rCold   . . .      Faith    .    (no shield)
rNeg    . . .      Spirit   .    b - +0 leather armour
rPois   .          Reflect  .    c - +0 helmet
rElec   .          Harm     .    g - +0 cloak
rCorr   .          Rampage  .    (no gloves)
Will    .....                    (no boots)
Stlth   +.........               (no amulet)
HPRegen 0.09/turn                (no ring)
MPRegen 0.08/turn                (no ring)

@: no status effects
A: (nimble swimmer 2), mertail
a: no special abilities


You were on level 2 of the Dungeon.
You visited 1 branch of the dungeon, and saw 2 of its levels.

You collected 63 gold pieces.

Inventory:

Hand Weapons
 a - a +0 trident (weapon)
Missiles
 d - 3 throwing nets (quivered)
 e - a javelin
Armour
 b - a +0 leather armour (worn)
 c - a +0 helmet (worn)
 g - a +0 cloak (worn)
Scrolls
 h - a scroll of fear {unknown}
 i - a scroll of vulnerability {unknown}
 j - a scroll of torment {unknown}
Potions
 f - 2 potions of curing {unknown}
 k - 2 potions of degeneration {unknown}
 l - a potion of magic {unknown}


   Skills:
 + Level 2.9 Fighting
 + Level 5.3 Polearms
 - Level 2.0 Throwing
 + Level 0.1 Armour
 - Level 4.0 Dodging


You had 2 spell levels left.
You didn't know any spells.
Your spell library was empty.

Dungeon Overview and Level Annotations

Branches:
Dungeon (2/15)

Altars:

Annotations:
D:2 Terence


Innate Abilities, Weirdness & Mutations

((You are very nimble when in or above water. (Stealth+, EV+, Speed+++)))
Your lower body shifts to a powerful aquatic tail in water.


Message History

Things that are here:
a +0 short sword; a kobold corpse Terence and a bat come into view.
Terence shouts!
A bat comes into view.
You reach to attack!
You barely miss Terence. You hit Terence.
Terence is lightly wounded.
Terence hits you with a +0 flail.
You hit Terence.
Terence is moderately wounded.
An endoplasm comes into view.
Terence hits you with a +0 flail.
The endoplasm quivers.
You hit Terence but do no damage.
Terence is moderately wounded.
Terence hits you with a +0 flail.
You are too injured to fight recklessly!
You hit Terence but do no damage.
Terence is moderately wounded.
Terence hits you with a +0 flail.
You hit Terence.
Terence is moderately wounded.
Terence closely misses you.
You barely miss Terence.
Terence is moderately wounded.
The bat hits you but does no damage. Terence hits you with a +0 flail!
* * * LOW HITPOINT WARNING * * *
You hit Terence but do no damage.
Terence is moderately wounded.
The bat hits you but does no damage. Terence closely misses you.
You hit Terence.
Terence is heavily wounded.
The bat hits you but does no damage.
Terence says, "Don't bother to defend, it's useless."
Terence hits you but does no damage.
You hit Terence.
Terence is severely wounded.
The bat hits you but does no damage. Terence hits you with a +0 flail.
You die...

#.##........#.#.#
##....<.#....#.#.#
............##.#.#
.......<#......).#
.########.####.###
..........#
.#......#.#
######.#b# ..#@#
##.#@# #.#b# #.#J#
#b#.# #.# ... #.#


You could see Terence, an endoplasm and 2 bats.

Vanquished Creatures
  An adder (D:2)
  3 ball pythons (D:1)
  2 bats (D:1)
  4 endoplasms (D:1)
  A giant cockroach (D:1)
  3 goblins (D:1)
  A hobgoblin (D:2)
  3 quokkas (D:1)
  4 frilled lizards (D:1)
  4 kobolds
  2 rats (D:1)
28 creatures vanquished.

Notes
Turn   | Place    | Note
-------+----------+-------------------------------------------
     0 | D:1      | Redcow54321 the Merfolk Gladiator began the quest for the
                  | Orb.
     0 | D:1      | Reached XP level 1. HP: 16/16 MP: 1/1
   256 | D:1      | Reached XP level 2. HP: 17/22 MP: 2/2
   489 | D:1      | Reached skill level 5 in Polearms
   635 | D:1      | Reached XP level 3. HP: 28/28 MP: 3/3
   761 | D:1      | Found a faded altar of an unknown god.
  1043 | D:2      | Noticed Terence
  1056 | D:2      | Slain by Terence

Illustrated notes

Levels and vault maps discovered:
D:1:      roderic_chinese_lattice_arrival, layout_basic,
          hellmonk_ecumenical_altar_run_dry, minmay_tromino_v4_b
D:2:      layout_basic, chequers_serial_rivers_large_a, uniq_terence

Skill      XL: |  1  2 |
---------------+-------+-----
Polearms       | 5 |  5.3
Fighting       | |  2.9
Throwing       | |  2.0
Armour         | |  0.1
Dodging        | |  4.0

Action                   || total
-------------------------++-------
Melee: Trident           ||    74
Armor: Leather armour    ||    18
Dodge: Dodged            ||    37

Table legend: (Time is in decaauts)
 A = Elapsed time spent in this place.
 B = Non-inter-level travel time spent in this place.
 C = Inter-level travel time spent in this place.
 D = Time resting spent in this place.
 E = Time spent auto-exploring this place.
 F = Levels seen in this place.
 G = Mean time per level.
                   A        B        C        D        E       F      G
               +--------+--------+--------+--------+--------+-----+--------+
         Total |   1059 |   1033 |     26 |      0 |    845 |   2 |  529.5 |
       Dungeon |   1059 |   1033 |     26 |      0 |    845 |   2 |  529.5 |
               +--------+--------+--------+--------+--------+-----+--------+

Top non-repeatable levels by time:
     D:1: 1006 daAuts
     D:2: 53 daAuts
